 Dungeon Crawl Stone Soup version 0.21.0-3-g78d12a8 (webtiles) character file.

38 Monsterracer the Caller (level 3, 0/26 HPs)
             Began as a Formicid Summoner on Jan 12, 2018.
             Slain by a worm (8 damage)
             ... on level 2 of the Dungeon.
             The game lasted 00:04:03 (1698 turns).

Monsterracer the Caller (Formicid Summoner)         Turns: 1698, Time: 00:04:04

Health: 0/26       AC:  3    Str: 12    XL:     3   Next: 65%
Magic:  2/7        EV: 12    Int: 15    God:
Gold:   49         SH:  0    Dex: 11    Spells: 1/7 levels left

rFire    . . .     SeeInvis +   j - +0 flail
rCold    . . .     Gourm    .   (no shield)
rNeg     + . .     Faith    .   a - +0 robe
rPois    .         Spirit   .   (helmet unavailable)
rElec    .         Reflect  .   (no cloak)
rCorr    .         Harm     .   (no gloves)
MR       .....                  d - +0 pair of boots
Stlth    ++........             (no amulet)
HPRegen  0.08/turn              g - ring of positive energy {!d}
MPRegen  0.10/turn              (no ring)

@: no status effects
A: permanent stasis, dig shafts and tunnels, four strong arms, antennae 3
a: Dig, Shaft Self


You were on level 2 of the Dungeon.
You were not hungry.

You visited 1 branch of the dungeon, and saw 2 of its levels.

You collected 49 gold pieces.

Inventory:

Hand Weapons
 j - a +0 flail (weapon)
Armour
 a - a +0 robe (worn)
 d - a +0 pair of boots (worn)
 k - a +0 ring mail
Jewellery
 g - a ring of positive energy (left hand) {!d}
Scrolls
 e - a scroll of identify {unknown}
 i - a scroll of magic mapping {unknown}
Potions
 h - a potion of magic {unknown}
Books
 b - a book of Callings

   Spells                             Type                      Level
   a - Summon Small Mammal            Summoning                    1
   b - Call Imp                       Summoning                    2
   c - Call Canine Familiar           Summoning                    3
   d - Summon Guardian Golem          Hexes/Summoning              3
   e - Summon Lightning Spire         Summoning/Air                4
   f - Summon Ice Beast               Ice/Summoning                4
Comestibles
 c - 2 rations


   Skills:
 + Level 1.3 Fighting
 * Level 0.0 Maces & Flails
 - Level 1.7 Dodging
 - Level 2.4 Stealth
 + Level 2.6 Spellcasting
 * Level 4.6 Summonings


You had one spell level left.
You knew the following spells:

 Your Spells              Type           Power        Failure   Level  Hunger
a - Summon Small Mammal   Summ           ###.         3%          1    #......
b - Call Imp              Summ           ###.....     4%          2    ##.....
c - Call Canine Familiar  Summ           ###.....     10%         3    ###....


Dungeon Overview and Level Annotations

Branches:
Dungeon (2/15)

Altars:


Innate Abilities, Weirdness & Mutations

You cannot be hasted, slowed, berserked, paralysed or teleported.
You can dig through walls and to a lower floor.
Your four strong arms can wield two-handed weapons with a shield.
You have a pair of large antennae on your head. (SInv)


Message History

You kill the jackal!
You closely miss the jackal. The orc misses you.
The jackal completely misses you.
Your crimson imp hits the worm.
The jackal closely misses you. The orc barely misses you.
You hit the jackal.
The jackal is almost dead.
You barely miss the worm. You barely miss the orc.
The jackal closely misses you. The worm barely misses you.
Your crimson imp hits the worm but does no damage.
The orc hits you with a flail!
* * * LOW HITPOINT WARNING * * *
The jackal bites you.
* * * LOW HITPOINT WARNING * * *
You take 11 damage, and have 4/26 hp.
MASSIVE DAMAGE!!
Your crimson imp barely misses the orc.
Your crimson imp hits the worm.
Found a ration.
You see here a scale mail.
Casting: Call Imp
Confirm with . or Enter, or press ? or * to list all spells.
A shadowy apparition takes form in the air.
The orc hits you but does no damage. The jackal barely misses you.
The worm bites your crimson imp.
Your crimson imp hits the orc but does no damage.
Your crimson imp hits the worm but does no damage.
You now have 0/6 mp.
You swap places.
The jackal barely misses your shadow imp.
The worm closely misses your crimson imp.
Your crimson imp hits the worm.
The jackal bites your shadow imp but does no damage.
Your shadow imp closely misses the jackal.
Found a whip and a leather armour.
The jackal barely misses your shadow imp.
Your crimson imp hits the worm.
Your shadow imp hits the jackal but does no damage.
The jackal bites your shadow imp but does no damage.
The worm bites your crimson imp!
Your crimson imp hits the worm.
Your shadow imp hits the jackal.
Your crimson imp barely misses the worm.
Your shadow imp hits the jackal.
The jackal dies!
A kobold comes into view.
The orc hits you but does no damage.
Found 11 gold pieces.
Your crimson imp barely misses the orc.
Casting: Call Imp
Confirm with . or Enter, or press ? or * to list all spells.
You now have 0/6 mp.
Your bat closely misses the orc.
The orc misses you.
Your crimson imp blinks!
Your bat barely misses the orc.
Your bat hits the orc but does no damage. x2
Your bat barely misses the orc.
Your bat closely misses the orc.
Your bat closely misses the orc.
Your bat hits the orc.
Your bat hits the orc but does no damage. x2
Your bat hits the orc but does no damage. x2
Your bat closely misses the orc. x2
Your bat closely misses the orc.
Your bat hits the orc but does no damage.
Your bat hits the orc but does no damage.
Your bat closely misses the orc.
Your bat barely misses the orc.
Your bat hits the orc but does no damage.
Casting: Summon Small Mammal
Confirm with . or Enter, or press ? or * to list all spells.
A shadowy apparition takes form in the air.
The orc completely misses you.
You now have 0/6 mp.
Your shadow imp closely misses the orc.
You see here a leather armour.
Your shadow imp hits the orc.
You barely miss the orc.
The orc is heavily wounded.
The orc barely misses you.
Your shadow imp hits the orc but does no damage.
You hit the orc.
You kill the orc!
The worm bites your shadow imp!
Your shadow imp gestures at the worm.
The worm writhes in agony!
The worm barely misses your shadow imp.
Things that are here:
a flail; a ring mail; a leather armour
j - a flail Your shadow imp gestures at the worm.
The worm barely resists.
k - a ring mail Your shadow imp hits the worm.
The worm bites your shadow imp.
Your shadow imp dies!
Drop what? 11/52 slots (_ for help) (? for menu, Esc to quit)
Okay, then.
Wield which item (- for none, * to show all)? (? for menu, Esc to quit)
j - a +0 flail (weapon)
Drop what? 11/52 slots (_ for help) (? for menu, Esc to quit)
You drop a +0 hand axe.
You see here 11 gold pieces.
You now have 49 gold pieces (gained 11).
The worm bites you!
You die...

. ... .......... .# ..
##..##.....#..##.# ...
#...##........... ...
##.#.......#.....#
...##..#..#......#...
..$..........#.#...#
.....w....#...%....#
.....5..†..........# ####
.......[........@#.####....
...##............w......###
## #...[%.................
..............)...........
.###.#...#....).....^.....
.....#.>.....##.########
...........#.###.#
##..(.......#.# #.#
..#..........# #.#


You could see a worm.

Vanquished Creatures
  An adder (D:2)
  2 oozes (D:1)
  A dart slug (D:1)
  An orc (D:2)
  2 giant cockroaches (D:1)
  A hobgoblin (D:1)
  3 jackals (D:2)
  A kobold (D:1)
  2 bats (D:1)
  2 rats (D:1)
16 creatures vanquished.

Vanquished Creatures (collateral kills)
  A jackal (D:2)
  A goblin (D:1)
  A kobold (D:1)
3 creatures vanquished.

Grand Total: 19 creatures vanquished

Notes
Turn   | Place    | Note
-------+----------+-------------------------------------------
     0 | D:1      | Monsterracer the Formicid Summoner began the quest for the Orb.
     0 | D:1      | Reached XP level 1. HP: 13/13 MP: 3/3
    17 | D:1      | HP: 6/13 [kobold (3)]
   588 | D:1      | Reached XP level 2. HP: 17/20 MP: 5/5
   592 | D:1      | Learned a level 2 spell: Call Imp
  1196 | D:1      | Reached skill level 1 in Fighting
  1262 | D:1      | HP: 10/21 [ooze (3)]
  1265 | D:1      | Reached XP level 3. HP: 12/26 MP: 6/6
  1270 | D:1      | Learned a level 3 spell: Call Canine Familiar
  1648 | D:2      | HP: 7/26 [orc/flail (8)]
  1698 | D:2      | Slain by a worm

Skill      XL: |  1  2 |
---------------+-------+-----
Fighting       | 1 |  1.3
Dodging        | |  1.7
Stealth        | |  2.4
Spellcasting   | |  2.6
Summonings     | |  4.6

Action                   || total
-------------------------++-------
Melee: Unarmed           ||    38
       Hand axe          ||    53
 Cast: Summon Small Mamm ||     4
       Call Imp          ||     5
 Stab: Sleeping          ||     3
       Distracted        ||     1
  Eat: Ration            ||     1
Armor: Robe              ||    31
Dodge: Dodged            ||   100

Vault maps used:
D:1:      erik_arrival_gehennom, serial_forest, infiniplex_forest_clump_small,
          infiniplex_forest_side_room, infiniplex_forest_end_3,
          infiniplex_forest_clump_large, infiniplex_forest_end_2,
          infiniplex_forest_straight_3, infiniplex_forest_clump_small,
          infiniplex_forest_straight_4, infiniplex_forest_corner_1
D:2:      uniq_terence
